 Dungeon Crawl Stone Soup version bcrawl-1.37.2 (webtiles) character file.

Game seed: 15277114294148150332

141777 Athor the Cutter (level 4, -6/28 HPs)
             Began as a Vine Stalker Gladiator on Jan 11, 2023.
             Mangled by an ogre
             ... wielding a +0 giant spiked club
              (26 damage)
             ... on level 3 of the Dungeon.
             The game lasted 00:06:11 (1646 turns).

Athor the Cutter (Vine Stalker Gladiator)           Turns: 1646, Time: 00:06:11

Health: -6/28      AC:  5    Str: 17    XL:     4   Next: 51%
Magic:  5/5        EV: 13    Int:  8    God:
Gold:   180        SH:  0    Dex: 16    Spells: 3/3 levels left

rFire    x . .     GDR:     28% g - +2 short sword (speed)
rCold    + . .     SeeInvis .   (no shield)
rNeg     . . .     Gourm    .   b - +1 leather armour
rPois    +         Faith    .   o - +0 helmet
rElec    .         Spirit   .   (no cloak)
rCorr    .         Reflect  .   (no gloves)
MR       .....                  (no boots)
Stlth    ++........             (no amulet)
HPRegen  0.54/turn              j - ring of poison resistance
MPRegen  0.09/turn              u - ring of ice (curse)

@: no status effects
A: fangs 2, regeneration 1, no potion heal 3, rot immunity, strong jaws
a: no special abilities


You were on level 3 of the Dungeon.
You were not hungry.

You visited 1 branch of the dungeon, and saw 3 of its levels.

You collected 180 gold pieces.

Inventory:

Hand Weapons
 a - a +0 rapier
 g - a +2 short sword of speed (weapon)
Missiles
 d - 3 throwing nets {=f}
 i - 320 stones (quivered)
 k - 168 poisoned needles
Armour
 b - a +1 leather armour (worn)
 c - a +0 helmet
 o - a +0 helmet (worn)
Jewellery
 j - a ring of poison resistance (left hand)
 q - an uncursed ring of protection from cold
 u - a cursed ring of ice (right hand)
Scrolls
 m - 2 scrolls of noise {unknown}
 n - a scroll of enchant weapon {unknown}
 p - 2 scrolls of amnesia {unknown}
 r - a scroll of enchant armour
Potions
 f - a potion of heal wounds
 l - a potion of agility {unknown}
 s - a potion of curing {unknown}
 t - a potion of degeneration {unknown}
Comestibles
 e - 5 rations {!d}
 h - 2 chunks of flesh


   Skills:
 + Level 3.1 Fighting
 + Level 3.8 Short Blades
 + Level 1.9 Throwing
 + Level 0.3 Armour
 + Level 3.6 Dodging
 + Level 1.0 Stealth


You had 3 spell levels left.
You didn't know any spells.
Your spell library was empty.

Dungeon Overview and Level Annotations

Branches:
Dungeon (3/12)

Altars:
Qazlal
Yredelemnul
The Shining One


Innate Abilities, Weirdness & Mutations

You have extremely sharp teeth.
Your natural rate of healing is unusually fast.
Potions cannot restore your health.
You are immune to rotting.
Your bites deal extra damage.


Message History

Unknown command.
Throwing (i - inventory. (/) - cycle)
i - 321 stones (quivered)
Press: ? - help, Shift-Dir - straight line, f/p - ogre
Aim: an ogre, wielding a +0 giant spiked club (lightly wounded)
You throw a stone. The stone hits the ogre.
The ogre is lightly wounded.
Unknown command.
The ogre closely misses you.
You hit the ogre. You bite the ogre.
The ogre is heavily wounded.
The ogre hits you with a +0 giant spiked club!
You hit the ogre.
The ogre is heavily wounded.
You hit the ogre.
The ogre is severely wounded.
You hit the ogre.
The ogre is severely wounded.
The ogre hits you with a +0 giant spiked club!!
Ouch! That really hurt!
You die...

#.....†..................
#....#...................
#....#)...............#
######.........[...<..####.
##....................
#####......†....#.#.##.#.
#...............#........
#....[#####.............%
#.......@Ogg...#........#
#.....#######..#......$.#
#.....# ##...?......#
####### #....###....
#..#........ ....g.........
....##......>... ..##
###........ . #........


You could see an ogre and 2 hobgoblins.

Vanquished Creatures
  2 adders (D:3)
  4 worms
  2 dart slugs
  4 leopard geckos
  An orc (D:2)
  A bat (D:2)
  3 giant cockroaches
  5 goblins
  6 hobgoblins
  2 jackals (D:2)
  8 kobolds
  A ball python (D:2)
  3 frilled lizards
  2 rats (D:2)
  A toadstool (D:1)
45 creatures vanquished.

Vanquished Creatures (others)
  3 toadstools (D:1)
3 creatures vanquished.

Grand Total: 48 creatures vanquished

Notes
Turn   | Place    | Note
-------+----------+-------------------------------------------
     0 | D:1      | Athor the Vine Stalker Gladiator began the quest for the
                  | Orb.
     0 | D:1      | Reached XP level 1. HP: 13/13 MP: 2/2
   190 | D:1      | Reached XP level 2. HP: 17/18 MP: 3/3
   508 | D:1      | Reached skill level 1 in Stealth
   508 | D:1      | Reached XP level 3. HP: 23/23 MP: 4/4
  1043 | D:2      | Found a basalt altar of Yredelemnul.
  1045 | D:2      | Noticed a profane servitor
  1134 | D:2      | Found a glowing golden altar of the Shining One.
  1137 | D:2      | Noticed an angel
  1227 | D:2      | Found a stormy altar of Qazlal.
  1493 | D:3      | Reached XP level 4. HP: 28/28 MP: 5/5
  1615 | D:3      | Noticed an ogre
  1646 | D:3      | Mangled by an ogre

Skill      XL: |  1  2 |
---------------+-------+-----
Fighting       | 3 |  3.1
Short Blades   | 3 |  3.8
Stealth        | 1 |  1.0
Throwing       | |  1.9
Armour         | |  0.3
Dodging        | |  3.6

Action                   |  1- 3 |  4- 6 || total
-------------------------+-------+-------++-------
Melee: Rapier            |    60 |       ||    60
       Bite              |    12 |     6 ||    18
       Short sword       |    38 |    49 ||    87
Throw: Stone             |       |     4 ||     4
  Use: Scroll            |     2 |       ||     2
 Stab: Sleeping          |     1 |       ||     1
  Eat: Chunk             |     5 |     1 ||     6
Armor: Leather armour    |    22 |    14 ||    36
Dodge: Dodged            |    61 |    19 ||    80
